 Seeded DCSS version 0.29.1-15-g9cfb28693d (webtiles) character file.

Game seed: 16814609885328743250 (custom seed)

14310 Gelion the Unseen (level 12, -1/81 HPs)
             Began as a Kobold Brigand on May 2, 2023.
             Slain by a death yak (12 damage)
             ... on level 11 of the Dungeon.
             The game lasted 00:25:12 (12858 turns).

Gelion the Unseen (Kobold Brigand)                 Turns: 12858, Time: 00:25:13

Health: -1/81      AC:  8    Str:  8    XL:     12   Next: 43%
Magic:  12/12      EV: 18    Int: 13    God:
Gold:   466        SH:  0    Dex: 21    Spells: 6/11 levels left

rFire   . . .      SeeInvis .   k - +3 dagger (elec)
rCold   + . .      Faith    .   (no shield)
rNeg    . . .      Spirit   .   I - +1 robe {rC+}
rPois   .          Reflect  .   E - +0 helmet
rElec   .          Harm     .   c - +0 cloak
rCorr   +          Rampage  .   F - +2 pair of gloves
Will    +....                   (no boots)
Stlth   +++++++...              (no amulet)
HPRegen 0.23/turn               m - ring of willpower
MPRegen 0.13/turn               v - ring of resist corrosion

@: no status effects
A: small, no large weapons, nightstalker 3
a: no special abilities


You were on level 11 of the Dungeon.
You visited 1 branch of the dungeon, and saw 11 of its levels.
You also visited: Ossuary.

You collected 1006 gold pieces.
You spent 540 gold pieces at shops.

Inventory:

Hand Weapons
 k - a +3 dagger of electrocution (weapon)
Missiles
 d - 27 poisoned darts (quivered)
 e - 3 curare-tipped darts
 s - 2 atropa-tipped darts
Armour
 c - a +0 cloak (worn)
 E - a +0 helmet (worn)
 F - a +2 pair of gloves (worn)
 I - a +1 robe of cold resistance (worn)
Jewellery
 m - a ring of willpower (left hand)
 r - a ring of fire
 v - a ring of resist corrosion (right hand)
Wands
 b - a wand of digging (3)
 f - a wand of paralysis (4)
 l - a wand of mindburst (4)
 y - a wand of polymorph (11)
 C - a wand of roots (6)
 D - a wand of flame (28)
 J - a wand of light (4)
Scrolls
 a - a scroll of butterflies {unknown}
 g - 7 scrolls of teleportation
 i - a scroll of blinking
 j - a scroll of torment
 n - a scroll of magic mapping {unknown}
 x - 2 scrolls of amnesia
 G - 2 scrolls of identify
 H - a scroll of summoning {unknown}
Potions
 h - a potion of ambrosia
 o - 5 potions of curing
 p - 3 potions of lignification
 q - a potion of magic
 t - 6 potions of flight
 u - 2 potions of resistance {unknown}
 w - 4 potions of brilliance
 z - 3 potions of haste
 A - a potion of cancellation
 B - a potion of invisibility


   Skills:
 + Level 11.9 Fighting
 + Level 14.0 Short Blades
 + Level 5.0 Throwing
 + Level 5.1 Dodging
 + Level 15.7 Stealth


You had 6 spell levels left.
You knew the following spells:

 Your Spells              Type           Power      Damage    Failure   Level
a - Metabolic Englaciati  Hex/Ice        0%         N/A       100%        5

Your spell library contained the following spells:

 Spells                   Type           Power      Damage    Failure   Level
 Dazzling Flash           Conj/Hex       0%         N/A       67%         3
 Ozocubu's Armour         Ice            0%         N/A       67%         3
 Portal Projectile        Hex/Tloc       0%         N/A       67%         3
 Tukima's Dance           Hex            0%         N/A       67%         3
 Animate Armour           Summ/Erth      0%         N/A       97%         4
 Iskenderun's Mystic Bla  Conj/Tloc      0%         2d3       97%         4
 Passage of Golubria      Tloc           0%         N/A       97%         4
 Petrify                  Tmut/Erth      0%         N/A       97%         4
 Alistair's Intoxication  Tmut/Pois      0%         N/A       100%        5
 Borgnjor's Vile Clutch   Necr/Erth      0%         N/A       100%        5
 Silence                  Hex/Air        0%         N/A       100%        5
 Yara's Violent Unravell  Hex/Tmut       0%         3d3       100%        5
 Eringya's Noxious Bog    Tmut/Pois      0%         N/A       100%        6
 Starburst                Conj/Fire      0%         6d3       100%        6
 Statue Form              Tmut/Erth      0%         N/A       100%        6
 Haunt                    Necr/Summ      0%         N/A       100%        7
 Ozocubu's Refrigeration  Ice            0%         4d7       100%        7
 Lehudib's Crystal Spear  Conj/Erth      0%         10d2      100%        8


Dungeon Overview and Level Annotations

Branches:
Dungeon (11/15)            Temple (0/1) D:4         Ossuary (visited)
   Lair: D:8-11         Orc: D:9-12

Altars:
Cheibriados
Gozag
Hepliaklqana
Vehumet
Yredelemnul
The Shining One

Shops:
D:8 (*(:


Innate Abilities, Weirdness & Mutations

You are small and have problems with some larger weapons.
You are completely attuned to the shadows.


Message History

The grasping roots constrict the death yak.
The death yak struggles to escape constriction.
The grasping roots constrict the death yak.
The roots release their grip on the death yak.
The death yak gores you!!
You puncture the death yak!
The death yak is moderately wounded.
You hit the death yak but do no damage.
The death yak is moderately wounded.
The death yak gores you!!
Aiming: Fastroot
Press: ? - help, Shift-Dir - straight line, f/p - death yak
Aim: a death yak (moderately wounded)
The roots erupt in riotous growth!
Roots grab the death yak.
The grasping roots constrict the death yak.
You hear a shout! x3
The death yak closely misses you.
You hit the death yak but do no damage.
The death yak is moderately wounded.
The grasping roots constrict the death yak.
The roots release their grip on the death yak.
You hit the death yak but do no damage.
Lightning courses through the death yak!
The death yak is heavily wounded.
The death yak gores you!
You hit the death yak.
Lightning courses through the death yak!!
The death yak is severely wounded.
You hit the death yak but do no damage.
The death yak is severely wounded.
The death yak gores you!
* * * LOW HITPOINT WARNING * * *
You hit the death yak but do no damage.
The death yak is severely wounded.
Unknown command.
You hit the death yak.
The death yak is almost dead.
The death yak gores you!
You die...

##..# #..## ##
##..#
.########..##
...........# #...
..####....##
##..... ###
#####.###
###...... #
##..###.........
#......@Y.......
........##.......
...?...>####|..)..
........# #......
.......# #......
##..... #.....
#..... #.......


You could see a death yak.

Vanquished Creatures
  Snorg (D:10)
  The ghost of om the Covert, a journeyman GnDe of Okawaru (D:7)
  A centaur warrior (D:10)
  4 two-headed ogres
  The ghost of Kazon the Slasher, a novice DsFi of Okawaru (D:6)
  Maurice (D:10)
  A gargoyle (D:10)
  Joseph (D:9)
  A komodo dragon (D:10)
  Psyche (D:10)
  A kobold demonologist (D:7)
  2 trolls (D:10)
  4 wyverns
  3 wraiths
  Sigmund (D:4)
  5 yaks (D:10)
  Menkaure (D:4)
  A steam dragon (D:7)
  Edmund (D:4)
  2 water moccasins
  Duvessa (D:4)
  2 acid dragons
  4 orc warriors
  2 sky beasts
  5 ice beasts
  4 centaurs
  2 ogres
  3 kobold brigands
  3 phantoms
  5 bullfrogs
  A gnoll sergeant (D:6)
  A water moccasin zombie (D:4)
  8 scorpions
  11 wights
  Dowan (D:4)
  2 jellies
  2 howler monkeys
  2 hounds (D:5)
  6 orc priests
  Crazy Yiuf (D:5)
  Jessica (D:2)
  4 iguanas
  12 orc wizards
  8 mummies (Ossuary)
  5 gnolls
  4 adders
  2 shadow imps
  2 white imps
  2 worms (D:3)
  4 dart slugs
  36 orcs
  5 ball pythons
  9 endoplasms
  A giant cockroach (D:3)
  5 goblins
  4 hobgoblins
  13 jackals
  6 quokkas
  14 bats
  2 frilled lizards
  A gnoll zombie (Ossuary)
  A hobgoblin zombie (Ossuary)
  A jackal zombie (D:4)
  12 kobolds
  5 kobold zombies (Ossuary)
  An orc zombie (Ossuary)
  A rat (D:2)
261 creatures vanquished.

Vanquished Creatures (others)
  4 fungi (D:5)
4 creatures vanquished.

Grand Total: 265 creatures vanquished

Notes
Turn   | Place    | Note
-------+----------+-------------------------------------------
     0 | D:1      | Gelion the Kobold Brigand began the quest for the Orb.
     0 | D:1      | Reached XP level 1. HP: 12/12 MP: 1/1
   324 | D:1      | Reached XP level 2. HP: 18/18 MP: 2/2
   659 | D:1      | Found a faded altar of an unknown god.
   853 | D:2      | Noticed Jessica
   855 | D:2      | Killed Jessica
   856 | D:2      | Reached skill level 6 in Stealth
   856 | D:2      | Reached XP level 3. HP: 23/23 MP: 3/3
   953 | D:2      | Reached XP level 4. HP: 28/28 MP: 4/4
  1532 | D:2      | Got the Anthology of Topological Accomplices
  2394 | D:3      | Reached XP level 5. HP: 32/32 MP: 5/5
  3091 | D:4      | Reached XP level 6. HP: 38/38 MP: 6/6
  3103 | D:4      | Reached skill level 7 in Stealth
  3115 | D:4      | Reached skill level 5 in Short Blades
  3164 | D:4      | Noticed Menkaure
  3171 | D:4      | Killed Menkaure
  3200 | D:4      | Noticed Edmund
  3204 | D:4      | Killed Edmund
  3205 | D:4      | Reached skill level 5 in Fighting
  3205 | D:4      | Reached XP level 7. HP: 28/44 MP: 7/7
  3220 | D:4      | Noticed Sigmund
  3222 | D:4      | Killed Sigmund
  3223 | D:4      | Reached skill level 8 in Stealth
  3327 | D:4      | Found a staircase to the Ecumenical Temple.
  3361 | D:4      | Found a sand-covered staircase.
  3368 | Ossuary  | Entered an ossuary
  3638 | Ossuary  | Reached XP level 8. HP: 50/50 MP: 8/8
  4345 | D:4      | Reached skill level 9 in Stealth
  4481 | D:4      | Noticed Duvessa
  4483 | D:4      | Noticed Dowan
  4489 | D:4      | Killed Duvessa
  4501 | D:4      | Killed Dowan
  4697 | D:4      | Found a basalt altar of Yredelemnul.
  4927 | D:5      | Entered Level 5 of the Dungeon
  5096 | D:5      | Found a runed translucent door.
  5099 | D:5      | Noticed Crazy Yiuf
  5104 | D:5      | Killed Crazy Yiuf
  5232 | D:5      | Reached skill level 10 in Stealth
  5267 | D:5      | Reached XP level 9. HP: 57/57 MP: 9/9
  6137 | D:5      | Reached skill level 11 in Stealth
  6187 | D:5      | Found a snail-covered altar of Cheibriados.
  6220 | D:5      | Found a radiant altar of Vehumet.
  6719 | D:6      | Found a runed translucent door.
  6785 | D:6      | Found a hazy altar of Hepliaklqana.
  6848 | D:6      | Reached skill level 10 in Short Blades
  7176 | D:6      | Paralysed by a gnoll sergeant for 4 turns
  7186 | D:6      | Reached XP level 10. HP: 41/65 MP: 10/10
  7421 | D:6      | Reached skill level 12 in Stealth
  7657 | D:6      | Noticed Kazon's ghost (novice DsFi)
  7670 | D:6      | HP: 2/65 [Kazon's ghost (6)]
  7689 | D:6      | Killed Kazon's ghost
  8331 | D:7      | Found a runed translucent gate.
  8331 | D:7      | Found a runed translucent gate.
  8332 | D:7      | Found a runed translucent gate.
  8333 | D:7      | Found an opulent altar of Gozag.
  8334 | D:7      | Noticed a kobold demonologist
  8340 | D:7      | Noticed om's ghost (journeyman GnDe)
  8341 | D:7      | Killed a kobold demonologist
  8346 | D:7      | Killed om's ghost
  8347 | D:7      | Reached skill level 13 in Stealth
  8663 | D:7      | Identified the ring "Vayri Nuamm" {Fly rF+ MP+9 Int+3
                  | Dex-4}
  8873 | D:8      | Found Anoe's Book Boutique.
  8878 | D:8      | Bought a book of Sloth for 540 gold pieces
  8940 | D:8      | Found Sahiy's Weapon Shop.
  8986 | D:8      | Found Mutraybu's Weapon Emporium.
  9006 | D:8      | Noticed a two-headed ogre
  9010 | D:8      | Killed a two-headed ogre
  9011 | D:8      | Reached skill level 10 in Fighting
  9011 | D:8      | Reached XP level 11. HP: 72/72 MP: 11/11
  9156 | D:8      | Found Kaeriel's Assorted Antiques.
  9324 | D:8      | Reached skill level 14 in Stealth
  9330 | D:8      | Noticed a two-headed ogre
  9335 | D:8      | Killed a two-headed ogre
  9646 | D:9      | Noticed Joseph
  9650 | D:9      | Killed Joseph
  9772 | D:9      | Learned a level 5 spell: Metabolic Englaciation
 11251 | D:10     | Entered Level 10 of the Dungeon
 11302 | D:10     | Noticed Psyche
 11306 | D:10     | Killed Psyche
 11340 | D:10     | Noticed a centaur warrior
 11382 | D:10     | Noticed a two-headed ogre
 11583 | D:10     | Reached skill level 15 in Stealth
 11827 | D:10     | Reached XP level 12. HP: 36/80 MP: 12/12
 11868 | D:10     | Noticed Maurice
 11888 | D:10     | Killed Maurice
 11901 | D:10     | Killed a two-headed ogre
 12141 | D:10     | Noticed a two-headed ogre
 12145 | D:10     | Killed a two-headed ogre
 12222 | D:10     | Noticed Snorg
 12226 | D:10     | Killed Snorg
 12350 | D:10     | Found a glowing golden altar of the Shining One.
 12593 | D:10     | Killed a centaur warrior
 12594 | D:10     | Reached skill level 5 in Throwing
 12594 | D:10     | Reached skill level 5 in Dodging
 12836 | D:11     | Noticed a death yak
 12858 | D:11     | Slain by a death yak

Illustrated notes

Levels and vault maps discovered:
D:1:      dpeg_arrival_tiny_j, layout_rooms,
          shapermc_ecumenical_altar_totnotflames
D:2:      layout_loops_ring, kennysheep_jessica_study
D:3:      layout_loops_corners
D:4:      wander_river, layout_loops_ring, lemuel_zombie_altar_yredelemnul,
          minmay_temple_entry_proselytizer, nicolae_ossuary_entry_ruins,
          minmay_misc_feat_doors, sigmund_edmund_badplayer, uniq_duvessa,
          uniq_menkaure
D:5:      old_forge, layout_basic, mainiacjoe_overflow_two_lobes,
          uniq_crazy_yiuf_cottage, uniq_sigmund
D:6:      layout_cave_pools, mainiacjoe_overflow_small_starburst,
          ebering_ghost_reflecting_pool, kennysheep_small_circle
D:7:      layout_rooms, ebering_ghost_gozag, minmay_misc_feat_iff
D:8:      layout_basic, serial_shops, shop,
          nicolae_shop_temple_entry_statues_fountains, shop, shop, minmay_bent
D:9:      layout_cave_pools, uniq_joseph
D:10:     hangedman_cross_stitches, layout_long_grid, tso_altar, uniq_maurice,
          uniq_psyche, uniq_snorg
D:11:     layout_cave_pods, dpeg_lair_monsters, zombieorc2_lemuel,
          uniq_nergalle, uniq_sonja

Skill      XL: |  1  2  3  4  5  6  7  8  9 10 11 12 |
---------------+-------------------------------------+-----
Short Blades   | 3 4 6 8 10 12 13 14 | 14.0
Fighting       | 3 4 5 7 8 10 11 | 11.9
Stealth        | 6 7 8 10 11 13 15 | 15.7
Dodging        | 3 5 |  5.1
Throwing       | 3 5 |  5.0

Action                   |  1- 3 |  4- 6 |  7- 9 | 10-12 || total
-------------------------+-------+-------+-------+-------++-------
Melee: Dagger            |    34 |   118 |   271 |   304 ||   727
       Punch             |       |     5 |     2 |     8 ||    15
Evoke: Wand              |       |       |     1 |    15 ||    16
  Use: Scroll            |     1 |     6 |    11 |     7 ||    25
       Potion            |       |       |     3 |     5 ||     8
 Stab: Sleeping          |    11 |    19 |    38 |    52 ||   120
       Distracted        |       |       |     2 |     1 ||     3
       Paralysed         |       |       |     1 |     3 ||     4
Armor: Robe              |     5 |    18 |    18 |    33 ||    74
Dodge: Dodged            |    10 |    73 |    87 |   118 ||   288
